 Dungeon Crawl Stone Soup version 0.20.1-1-g8b1a95d (webtiles) character file.

2455 Gremour the Cleaver (level 9, -9/70 HPs)
             Began as a Hill Orc Fighter on Dec 9, 2017.
             Was a Priest of Yredelemnul.
             Killed by divine providence
             ... invoked by an orc priest
              (11 damage)
             ... on level 7 of the Dungeon.
             The game lasted 00:35:49 (6144 turns).

Gremour the Cleaver (Hill Orc Fighter)              Turns: 6144, Time: 00:35:50

Health: -9/70      AC:  9    Str: 19    XL:     9   Next: 50%
Magic:  21/21      EV:  7    Int:  8    God:    Yredelemnul [***...]
Gold:   421        SH: 14    Dex: 16    Spells: 8/8 levels left

rFire    . . .     SeeInvis +   a - +11 falchion "Xaullule" {drain, Dex+3 SInv}
rCold    + . .     Gourm    .   c - +0 shield
rNeg     . . .     Faith    .   l - +0 scale mail {rC+}
rPois    .         Spirit   .   o - +0 helmet
rElec    .         Reflect  +   (no cloak)
rCorr    +         Harm     .   v - +0 pair of gloves
MR       .....                  (no boots)
Stlth    ..........             y - +4 amulet of reflection
Regen    0.3/turn               e - ring of magical power
MPRegen  0.2/turn               x - ring of resist corrosion

@: no status effects
A: no striking features
a: Recall Undead Slaves, Injury Mirror, Animate Dead, Renounce Religion, Convert
to Beogh


You were on level 7 of the Dungeon.
You worshipped Yredelemnul.
Yredelemnul was most pleased with you.
You were not hungry.

You visited 2 branches of the dungeon, and saw 8 of its levels.
You also visited: Sewer.

You collected 421 gold pieces.

Inventory:

Hand Weapons
 a - the +11 falchion "Xaullule" (weapon) {drain, Dex+3 SInv}
   (You found it in a sewer)

   A truly terrible weapon, it drains the life of those it strikes.
   It affects your dexterity (+3).
   It lets you see invisible.
 b - a +1 war axe
 t - a +1 antimagic spear
Armour
 c - a +0 shield (worn)
 l - a +0 scale mail of cold resistance (worn)
 o - a +0 helmet (worn)
 v - a +0 pair of gloves (worn)
Magical Staves
 u - an uncursed staff of summoning
Jewellery
 e - a ring of magical power (left hand)
 h - an uncursed ring of magical power
 x - a ring of resist corrosion (right hand)
 y - a +4 amulet of reflection (around neck)
Wands
 p - a wand of confusion (5/48)
 r - a wand of acid (13/15)
 D - a wand of scattershot (2/9)
Scrolls
 i - a scroll of identify
 k - 4 scrolls of teleportation
 n - 3 scrolls of remove curse
 B - a scroll of recharging
 E - a scroll of fear {unknown}
Potions
 d - a potion of berserk rage {unknown}
 g - a potion of ambrosia {unknown}
 j - a potion of agility
 q - a potion of haste
 z - a potion of might
 C - a potion of mutation {unknown}
Books
 m - a book of Minor Magic

   Spells                             Type                      Level
   a - Magic Dart                     Conjuration                  1
   b - Blink                          Translocation                2
   c - Call Imp                       Summoning                    2
   d - Slow                           Hexes                        2
   e - Conjure Flame                  Conjuration/Fire             3
   f - Mephitic Cloud                 Conjuration/Poison/Air       3
Comestibles
 f - 7 bread rations
 s - 3 royal jellies
 w - a meat ration
 A - 3 chunks of flesh


   Skills:
 - Level 3.6 Fighting
 + Level 9.0 Long Blades
 - Level 10.9 Axes
 - Level 3.2 Armour
 * Level 4.3 Shields
 + Level 4.2 Invocations
 - Level 1.0 Evocations


You had 8 spell levels left.
You didn't know any spells.

Dungeon Overview and Level Annotations

Branches:
Dungeon (7/15)             Temple (1/1) D:5

Altars:
Ashenzari
Cheibriados
Dithmenos
Elyvilon
Fedhas
Gozag
Hepliaklqana
Kikubaaqudgha
Makhleb
Nemelex Xobeh
Okawaru
Qazlal
Ru
Sif Muna
Trog
Uskayaw
Vehumet
Xom
Yredelemnul
Zin
The Shining One


Message History

Things that are here:
a dagger; a robe; an orc corpse You hit the orc priest.
You drain the orc priest!
The orc priest is almost dead.
The orc priest mumbles some strange prayers to Beogh against you.
Pain shoots through your body!
* * * LOW HITPOINT WARNING * * *
You barely miss the orc priest.
The orc priest is almost dead.
The orc priest invokes the aid of Beogh against you.
Beogh smites you!
* * * LOW HITPOINT WARNING * * *
Okay, then.
You swap places.
The orc priest hits your orc skeleton with a whip.
You swap places.
The orc priest calls down the wrath of Beogh upon you.
Beogh smites you!
You die...
Your body rises from the dead as a mindless zombie.

#........Z##.#.....#
#.......###.##....#
##....Z## #.###.#.#
##.)Z## #.###.#.#
##†## #.......# #(#
#####)### # #.# #Z#
.####Z## #Z#
.......## #@#
####....# #Z#
#....########Z#
#............o#
#.....#########
#..##.# #....##
####..### .......#


You could see an orc priest, 3 friendly orc zombies and a friendly orc skeleton.

Vanquished Creatures
  Grinder (D:6)
  Menkaure (D:5)
  A sky beast (D:6)
  A phantom (D:7)
  An ogre (D:5)
  2 centaurs (D:7)
  A big kobold (D:7)
  6 bullfrogs
  2 scorpions
  A bullfrog zombie (D:5)
  An orc priest (D:6)
  A jelly (D:5)
  A quasit (D:6)
  A hound (D:6)
  Terence (D:3)
  2 iguanas (D:6)
  6 orc wizards
  4 worker ants
  A hound zombie (D:6)
  6 gnolls
  A howler monkey skeleton (D:4)
  15 adders
  19 oozes
  An adder zombie (D:7)
  An adder skeleton (D:5)
  2 worms
  2 dart slugs
  12 leopard geckos
  31 orcs
  14 giant cockroaches
  8 goblins
  6 hobgoblins
  3 jackals (D:6)
  14 kobolds
  3 quokkas
  18 ball pythons
  5 bats
  9 frilled lizards
  4 rats
209 creatures vanquished.

Vanquished Creatures (collateral kills)
  A hippogriff (D:7)
  A bullfrog (D:6)
  An orc priest (D:7)
  A hound (D:6)
  2 orcs (D:6)
6 creatures vanquished.

Vanquished Creatures (others)
  A bullfrog zombie (D:6)
  A centaur zombie (D:7)
  A big kobold zombie (D:7)
  2 iguana zombies (D:6)
  4 orc zombies
  An orc (D:6)
  A gnoll zombie (D:7)
  2 kobold zombies (D:7)
13 creatures vanquished.

Grand Total: 228 creatures vanquished

Notes
Turn   | Place    | Note
-------+----------+-------------------------------------------
     0 | D:1      | Gremour the Hill Orc Fighter began the quest for the Orb.
     0 | D:1      | Reached XP level 1. HP: 19/19 MP: 1/1
   111 | D:1      | Reached skill level 3 in Axes
   181 | D:1      | Reached XP level 2. HP: 22/26 MP: 2/2
   445 | D:1      | Reached skill level 4 in Axes
   478 | D:1      | You fall through a shaft!
   650 | D:2      | Reached XP level 3. HP: 27/31 MP: 3/3
   883 | D:2      | Reached skill level 5 in Axes
  1310 | D:3      | Noticed Terence
  1315 | D:3      | Killed Terence
  1315 | D:3      | Reached XP level 4. HP: 37/39 MP: 4/4
  1392 | D:3      | Reached skill level 6 in Axes
  1956 | D:3      | Reached XP level 5. HP: 45/45 MP: 5/5
  1975 | D:3      | Found a hide-covered altar of Uskayaw.
  1977 | D:3      | Found a shattered altar of Ashenzari.
  1982 | D:3      | Found a deep blue altar of Sif Muna.
  1983 | D:3      | Found a blossoming altar of Fedhas.
  1986 | D:3      | Found a sacrificial altar of Ru.
  2561 | D:4      | Reached skill level 7 in Axes
  3285 | D:5      | Entered Level 5 of the Dungeon
  3308 | D:5      | Reached skill level 8 in Axes
  3308 | D:5      | Reached XP level 6. HP: 46/51 MP: 6/6
  3454 | D:5      | Found a staircase to the Ecumenical Temple.
  3461 | Temple   | Entered the Ecumenical Temple
  3485 | Temple   | Became a worshipper of Yredelemnul the Dark
  3646 | D:5      | Reached skill level 9 in Axes
  3792 | D:5      | Found a glowing drain.
  3810 | Sewer    | Entered a sewer
  4035 | Sewer    | Reached * piety under Yredelemnul
  4035 | Sewer    | Reached XP level 7. HP: 56/57 MP: 7/7
  4256 | Sewer    | Reached skill level 10 in Axes
  4332 | Sewer    | Reached ** piety under Yredelemnul
  4439 | Sewer    | Got an ichor-stained falchion
  4440 | Sewer    | Identified the +11 falchion "Xaullule" {drain, Dex+3 SInv} (You found it in a sewer)
  4476 | D:5      | Reached skill level 1 in Invocations
  4483 | D:5      | Reached skill level 1 in Long Blades
  4483 | D:5      | Reached skill level 1 in Evocations
  4575 | D:5      | Reached XP level 8. HP: 38/64 MP: 9/9
  4687 | D:5      | Noticed Menkaure
  4701 | D:5      | Killed Menkaure
  4742 | D:5      | Found a glowing silver altar of Zin.
  4952 | D:6      | Noticed Grinder
  4961 | D:6      | Killed Grinder
  4961 | D:6      | Reached skill level 5 in Long Blades
  5072 | D:6      | Found a hazy altar of Hepliaklqana.
  5116 | D:6      | Found an iron altar of Okawaru.
  5386 | D:6      | Reached XP level 9. HP: 66/70 MP: 10/10
  5473 | D:6      | Reached *** piety under Yredelemnul
  5724 | D:7      | Found a shadowy altar of Dithmenos.
  6142 | D:7      | HP: 2/70 [orc priest/divine providence (12)]
  6144 | D:7      | Killed from afar by an orc priest

Skill      XL: |  1  2  3  4  5  6  7  8  9 |
---------------+----------------------------+-----
Axes           | 3 4 5 6 8 9 10 | 10.9
Invocations    | 1 2 4 |  4.2
Long Blades    | 2 7 9 |  9.0
Evocations     | 1 |  1.0
Shields        | 4 |  4.3
Fighting       | |  3.6
Armour         | |  3.2

Action                   |  1- 3 |  4- 6 |  7- 9 || total
-------------------------+-------+-------+-------++-------
Melee: War axe           |   107 |   210 |   129 ||   446
       Falchion          |       |       |   153 ||   153
Invok: Animate Remains   |       |       |     6 ||     6
       Animate Dead      |       |       |     9 ||     9
  Use: Potion            |     1 |     2 |     7 ||    10
       Scroll            |       |     5 |     4 ||     9
 Stab: Invisible         |       |       |     1 ||     1
       Distracted        |       |       |     1 ||     1
  Eat: Chunk             |     1 |     9 |     6 ||    16
       Meat ration       |       |       |     1 ||     1
       Fruit             |       |       |     1 ||     1
Armor: Scale mail        |    34 |    74 |   113 ||   221
Dodge: Dodged            |    38 |    63 |    68 ||   169
Block: Shield            |    68 |   108 |   238 ||   414
       Reflection        |       |       |     5 ||     5
       Rpst.: Falchion   |       |       |    11 ||    11
